 Dungeon Crawl Stone Soup version 0.31-a0-986-g5e6e4ef867 (webtiles) character file.

Game seed: 454090227314068557

2098 lessens the Ducker (level 9, 0/74 HPs)
             Began as a Gnoll Monk on Nov 14, 2023.
             Was a High Priest of Qazlal.
             Slain by a gnoll
             ... wielding a +2 spear of freezing
             ... led by a gnoll bouda
              (3 damage)
             ... on level 7 of the Dungeon.
             The game lasted 00:06:35 (5985 turns).

lessens the Ducker (Gnoll Monk)                     Turns: 5985, Time: 00:06:35

Health: 0/74       AC: 13    Str: 14    XL:     9   Next: 28%
Magic:  15/15      EV: 14    Int:  9    God:    Qazlal [*****.]
Gold:   385        SH:  7    Dex: 22    Spells: 16/16 levels left

rFire   . . .        B - +9 dagger "Karorav" {flame, rC- rN+ Will+}
rCold   x . .        d - orb {light}
rNeg    + . .        y - +0 scale mail
rPois   .            E - +2 helmet
rElec   .            (no cloak)
rCorr   .            (no gloves)
SInv    .            (no boots)
Will    +....        (no amulet)
Stlth   +            I - +6 ring of dexterity
HPRegen 0.32/turn    (no ring)
MPRegen 0.14/turn

%: repel missiles
@: protected from physical damage, slowed, glowing, very slow
A: fangs 1, strong nose, distributed training
a: Renounce Religion, Upheaval, Elemental Force, Disaster Area


You were on level 7 of the Dungeon.
You worshipped Qazlal.
Qazlal was extremely pleased with you.
You visited 1 branch of the dungeon, and saw 7 of its levels.
You also visited: Sewer.

You collected 385 gold pieces.

Inventory:

Hand Weapons
 a - a +0 hand axe
 g - a +0 war axe
 q - a +3 whip of pain
 u - a +2 short sword of venom
 B - the +9 dagger "Karorav" (weapon) {flame, rC- rN+ Will+}
   (You found it on level 3 of the Dungeon)

   rC-:       It makes you vulnerable to cold.
   rN+:       It protects you from negative energy.
   Will+:     It increases your willpower.
 D - the +4 dagger of Extinguishment {elec, Will++ rCorr Str-5 Dex+3}
   (You took it off a kobold on level 4 of the Dungeon)

   Str-5:     It affects your strength (-5).
   Dex+3:     It affects your dexterity (+3).
   Will++:    It greatly increases your willpower.
   rCorr:     It protects you from acid and corrosion.
 G - a +0 broad axe
Missiles
 i - 28 stones
 k - 5 poisoned darts
 r - 12 boomerangs
Armour
 b - a +0 robe
 d - an orb of light (worn)
 h - a +0 chain mail
 m - a +0 ring mail
 y - a +0 scale mail (worn)
 E - a +2 helmet (worn)
Jewellery
 F - a ring of wizardry
 I - a +6 ring of dexterity (left hand)
 L - a ring of willpower
Wands
 n - a wand of charming (7)
 P - a wand of light (11)
Scrolls
 e - a scroll of vulnerability {unknown}
 j - 3 scrolls of teleportation
 l - a scroll of enchant weapon {unknown}
 o - 2 scrolls of blinking {unknown}
 p - 2 scrolls of silence {unknown}
 t - 3 scrolls of fog
 w - 2 scrolls of poison {unknown}
 x - a scroll of identify
 A - 2 scrolls of noise {unknown}
 C - 2 scrolls of revelation {unknown}
 H - a scroll of amnesia
 K - a scroll of butterflies {unknown}
 M - a scroll of enchant armour {unknown}
 N - a scroll of immolation {unknown}
Potions
 c - a potion of ambrosia
 f - 8 potions of curing {unknown}
 s - 2 potions of might
 v - 5 potions of enlightenment
 z - a potion of invisibility {unknown}
 J - a potion of haste {unknown}
 O - a potion of resistance {unknown}


   Skills:
 + Level 7.8 Fighting
 + Level 4.1 Short Blades
 + Level 4.1 Long Blades
 + Level 7.8 Axes
 + Level 4.1 Maces & Flails
 + Level 4.1 Polearms
 + Level 4.1 Staves
 + Level 4.1 Ranged Weapons
 + Level 4.1 Throwing
 + Level 4.1 Armour
 + Level 7.8 Dodging
 + Level 4.1 Stealth
 + Level 4.1 Shields
 + Level 4.1 Unarmed Combat
 + Level 4.1 Spellcasting
 + Level 3.4 Conjurations
 + Level 3.4 Hexes
 + Level 3.4 Summonings
 + Level 3.4 Necromancy
 + Level 3.4 Translocations
 + Level 3.4 Transmutations
 + Level 3.4 Fire Magic
 + Level 3.4 Ice Magic
 + Level 3.4 Air Magic
 + Level 3.4 Earth Magic
 + Level 3.4 Poison Magic
 + Level 4.6 Invocations
 + Level 4.1 Evocations
 + Level 3.8 Shapeshifting


You had 16 spell levels left.
You didn't know any spells.
Your spell library contained the following spells:

 Spells                   Type           Power      Damage    Failure   Level
 Cigotuvi's Dreadful Rot  Necr/Pois/Air  16%        N/A       36%         2
 Ensorcelled Hibernation  Hex/Ice        16%        N/A       36%         2
 Passwall                 Tmut/Erth      6%         N/A       36%         2
 Summon Guardian Golem    Hex/Summ       8%         N/A       61%         3
 Swiftness                Air            8%         N/A       61%         3
 Dispel Undead            Necr           8%         3d8       95%         4
 Death Channel            Necr           4%         N/A       100%        6
 Orb of Destruction       Conj           4%         9d5       100%        7
 Spellforged Servitor     Conj/Summ      4%         N/A       100%        7


Dungeon Overview and Level Annotations

Branches:
Dungeon (7/15) Zot: 26963   Sewer (visited)
 Temple: D:4-7

Altars:
Kikubaaqudgha
Qazlal


Innate Abilities, Weirdness & Mutations

You have very sharp teeth.
Your uncanny sense of smell can sniff out nearby items.
Your experience applies equally to all skills.


Message History

The hornet stings you!
You feel yourself slow down. The hornet barely misses you.
The hornet stings you.
You feel as though you will be slow longer.
The gnoll closely misses you.
The gnoll bouda hits you with a +0 whip!
You feel protected from physical attacks.
Things that are here:
a +0 flail; a gnoll corpse The hornet attacks as it pursues you!
The hornet stings you but does no damage. x2
The gnoll bouda is engulfed in freezing vapours.
The hornet closely misses you. x2
You hit the hornet. You burn the hornet. You bite the hornet, but do no damage.
The hornet is heavily wounded.
The hornet stings you!
You suddenly lose the ability to move!
The gnoll hits you from afar with a +2 spear of freezing!
* * * LOW HITPOINT WARNING * * *
The gnoll freezes you.
* * * LOW HITPOINT WARNING * * *
You can move again.
Aiming: Charm
Press: ? - help, Shift-Dir - straight line, f - hornet
Aim: a hornet (heavily wounded, haloed, chance to affect: 50%)
The hornet resists with some effort.
You feel yourself speed up. The hornet closely misses you.
The hornet stings you but does no damage.
The gnoll hits you but does no damage. The hornet stings you!
* * * LOW HITPOINT WARNING * * *
You feel yourself slow down. The gnoll misses you.
Aiming: Charm
Press: ? - help, Shift-Dir - straight line, f/p - hornet
Aim: a hornet (heavily wounded, haloed, chance to affect: 50%)
The hornet resists with some effort.
The gnoll is no longer moving quickly.
The hornet misses you.
The gnoll hits you from afar with a +2 spear of freezing.
* * * LOW HITPOINT WARNING * * *
You feel more protected from physical attacks.
The gnoll freezes you.
You die...

#.#####.# ###.#.....#
..........# #.#
#........########....#
#........)....<......#
##......###.####....#
#..#.### #.# #.#
#..#.# #.# #..#@# #.#
###..#y#####.#
#....gg....#.#
#.#).#.###.#.# #..#...
....##### #.#...# ..
#...# .. ###..


You could see a hornet, a gnoll bouda and a gnoll.

Vanquished Creatures
  A steam dragon (D:7)
  2 water moccasins
  An orc warrior (D:6)
  A black bear (D:4)
  An ogre (D:5)
  A centaur (D:6)
  A phantom (D:4)
  3 scorpions
  5 killer bees (D:6)
  A howler monkey (D:5)
  An orc priest (D:3)
  6 hounds
  3 jellies
  Jessica (D:3)
  2 iguanas (D:6)
  A sleepcap (D:5)
  2 orc wizards (D:4)
  A sickly merfolk siren (Sewer)
  A malarious merfolk avatar (Sewer)
  2 gnolls (D:7)
  16 adders
  5 river rats (Sewer)
  2 shadow imps
  A white imp (D:5)
  4 worms
  4 dart slugs
  17 orcs
  5 ball pythons
  14 endoplasms
  A giant cockroach (Sewer)
  10 goblins
  10 hobgoblins
  8 jackals
  8 kobolds
  14 quokkas
  4 bats
  3 frilled lizards (Sewer)
  22 rats
185 creatures vanquished.

Notes
Turn   | Place    | Note
-------+----------+-------------------------------------------
     0 | D:1      | lessens the Gnoll Monk began the quest for the Orb.
     0 | D:1      | Reached XP level 1. HP: 23/23 MP: 1/1
    89 | D:1      | Found a faded altar of an unknown god.
   100 | D:1      | Prayed at the altar of an unknown god.
   100 | D:1      | Became a worshipper of Qazlal Stormbringer
   100 | D:1      | Reached * piety under Qazlal
   100 | D:1      | Reached ** piety under Qazlal
   244 | D:1      | Reached XP level 2. HP: 29/29 MP: 2/2
   246 | D:1      | Reached *** piety under Qazlal
   582 | D:1      | Reached XP level 3. HP: 32/35 MP: 3/3
  1025 | D:1      | Reached skill level 1 in Invocations
  1280 | D:2      | Reached skill level 1 in Short Blades
  1280 | D:2      | Reached skill level 1 in Long Blades
  1280 | D:2      | Reached skill level 1 in Maces & Flails
  1280 | D:2      | Reached skill level 1 in Polearms
  1280 | D:2      | Reached skill level 1 in Staves
  1280 | D:2      | Reached skill level 1 in Ranged Weapons
  1280 | D:2      | Reached skill level 1 in Throwing
  1280 | D:2      | Reached skill level 1 in Armour
  1280 | D:2      | Reached skill level 1 in Stealth
  1280 | D:2      | Reached skill level 1 in Shields
  1280 | D:2      | Reached skill level 1 in Unarmed Combat
  1280 | D:2      | Reached skill level 1 in Spellcasting
  1280 | D:2      | Reached skill level 1 in Evocations
  1365 | D:2      | Reached skill level 1 in Shapeshifting
  1365 | D:2      | Reached XP level 4. HP: 41/41 MP: 5/5
  1571 | D:2      | Reached skill level 1 in Conjurations
  1571 | D:2      | Reached skill level 1 in Hexes
  1571 | D:2      | Reached skill level 1 in Summonings
  1571 | D:2      | Reached skill level 1 in Necromancy
  1571 | D:2      | Reached skill level 1 in Translocations
  1571 | D:2      | Reached skill level 1 in Transmutations
  1571 | D:2      | Reached skill level 1 in Fire Magic
  1571 | D:2      | Reached skill level 1 in Ice Magic
  1571 | D:2      | Reached skill level 1 in Air Magic
  1571 | D:2      | Reached skill level 1 in Earth Magic
  1571 | D:2      | Reached skill level 1 in Poison Magic
  2183 | D:3      | Reached XP level 5. HP: 43/47 MP: 5/7
  2228 | D:3      | Reached **** piety under Qazlal
  2716 | D:3      | Identified the +9 dagger "Karorav" {flame, rC- rN+ Will+}
  3082 | D:3      | Noticed Jessica
  3087 | D:3      | Killed Jessica
  3151 | D:4      | Reached XP level 6. HP: 53/53 MP: 8/8
  3219 | D:4      | Noticed a water moccasin
  3223 | D:4      | Noticed a black bear
  3230 | D:4      | Killed a water moccasin
  3240 | D:4      | Killed a black bear
  3241 | D:4      | Reached XP level 7. HP: 37/59 MP: 10/10
  3257 | D:4      | Identified the +4 dagger of Extinguishment {elec, Will++
                  | rCorr Str-5 Dex+3}
  3382 | D:4      | Found a glowing drain.
  3419 | Sewer    | Entered a sewer
  3436 | Sewer    | Reached ***** piety under Qazlal
  3679 | Sewer    | Identified the +3 flail "Baula" {protect, Contam Str+3
                  | Dex+5}
  3940 | D:4      | Reached XP level 8. HP: 67/67 MP: 12/12
  3943 | D:4      | Found an ancient bone altar of Kikubaaqudgha.
  4464 | D:5      | Entered Level 5 of the Dungeon
  5498 | D:6      | Reached XP level 9. HP: 58/73 MP: 14/14
  5972 | D:7      | Noticed a hornet
  5983 | D:7      | Paralysed by a hornet for 1 turns
  5985 | D:7      | HP: 3/74 [gnoll/+2 spear of freezing[a gnoll bouda] (5)]
  5985 | D:7      | Slain by a gnoll

Illustrated notes

Levels and vault maps discovered:
D:1:      heliophobic_arrival_glass_houses, layout_basic,
          dreamdust_ecumenical_altar_statues, ebering_dispersal_statue_hall
D:2:      layout_basic, minmay_tiny_reverse_x
D:3:      layout_basic, uniq_jessica
D:4:      layout_loops_ring, mainiacjoe_overflow_brackets,
          cheibrodos_sewer_entry_bend
D:5:      layout_loops_ring
D:6:      layout_basic
D:7:      layout_loops_ring, minmay_temple_entry_gardened_gates, serial_shops,
          shop

Skill      XL: |  1  2  3  4  5  6  7  8  9 |
---------------+----------------------------+-----
Invocations    | 1 2 3 4 |  4.6
Short Blades   | 1 2 3 4 |  4.1
Long Blades    | 1 2 3 4 |  4.1
Maces & Flails | 1 2 3 4 |  4.1
Polearms       | 1 2 3 4 |  4.1
Staves         | 1 2 3 4 |  4.1
Ranged Weapons | 1 2 3 4 |  4.1
Throwing       | 1 2 3 4 |  4.1
Armour         | 1 2 3 4 |  4.1
Stealth        | 1 2 3 4 |  4.1
Shields        | 1 2 3 4 |  4.1
Unarmed Combat | 1 2 3 4 |  4.1
Spellcasting   | 1 2 3 4 |  4.1
Evocations     | 1 2 3 4 |  4.1
Shapeshifting  | 1 2 3 |  3.8
Conjurations   | 1 2 3 |  3.4
Hexes          | 1 2 3 |  3.4
Summonings     | 1 2 3 |  3.4
Necromancy     | 1 2 3 |  3.4
Translocations | 1 2 3 |  3.4
Transmutations | 1 2 3 |  3.4
Fire Magic     | 1 2 3 |  3.4
Ice Magic      | 1 2 3 |  3.4
Air Magic      | 1 2 3 |  3.4
Earth Magic    | 1 2 3 |  3.4
Poison Magic   | 1 2 3 |  3.4
Fighting       | 7 |  7.8
Axes           | 7 |  7.8
Dodging        | 7 |  7.8

Action                     |  1- 3 |  4- 6 |  7- 9 || total
---------------------------+-------+-------+-------++-------
  Melee: Hand axe          |    73 |    23 |       ||    96
         Bite              |     7 |    11 |    32 ||    50
         Short sword       |       |    56 |       ||    56
         Whip              |       |     8 |       ||     8
         Dagger            |       |    25 |   254 ||   279
  Evoke: Wand              |       |       |     2 ||     2
    Use: Scroll            |       |       |     3 ||     3
 Armour: Robe              |    17 |     1 |       ||    18
         Ring mail         |       |    19 |       ||    19
         Scale mail        |       |    21 |   106 ||   127
  Dodge: Dodged            |    39 |    50 |   112 ||   201
         Repelled          |       |       |     1 ||     1
  Block: Orb               |    11 |    16 |    69 ||    96

Table legend: (Time is in decaauts)
 A = Elapsed time spent in this place.
 B = Non-inter-level travel time spent in this place.
 C = Inter-level travel time spent in this place.
 D = Time resting spent in this place.
 E = Time spent auto-exploring this place.
 F = Levels seen in this place.
 G = Mean time per level.
                   A        B        C        D        E       F      G
               +--------+--------+--------+--------+--------+-----+--------+
         Total |   5969 |   5718 |    251 |      0 |   4523 |   8 |  746.1 |
       Dungeon |   5686 |   5435 |    251 |      0 |   4448 |   7 |  812.3 |
         Sewer |    282 |    282 |      0 |      0 |     75 |   1 |  282.0 |
               +--------+--------+--------+--------+--------+-----+--------+

Top non-repeatable levels by time:
     D:3: 1165 daAuts
     D:1: 1146 daAuts
     D:4: 1048 daAuts
     D:2: 824 daAuts
     D:6: 754 daAuts
     D:5: 711 daAuts
   Sewer: 282 daAuts
     D:7: 35 daAuts

Levels and vault maps discovered:
D:1:      heliophobic_arrival_glass_houses, layout_basic,
          dreamdust_ecumenical_altar_statues, ebering_dispersal_statue_hall
D:2:      layout_basic, minmay_tiny_reverse_x
D:3:      layout_basic, uniq_jessica
D:4:      layout_loops_ring, mainiacjoe_overflow_brackets,
          cheibrodos_sewer_entry_bend
D:5:      layout_loops_ring
D:6:      layout_basic
D:7:      layout_loops_ring, minmay_temple_entry_gardened_gates, serial_shops,
          shop
